[Event "EYCC Open-U18 2019"]
[Site "Bratislava"]
[Date "2019.08.03"]
[Round "2.25"]
[White "Schoppen, Casper"]
[Black "Rodriguez Izquierdo, Luis"]
[Result "1-0"]
[ECO "B32"]
[WhiteElo "2493"]
[BlackElo "2007"]
[Annotator "ChessBase"]
[PlyCount "65"]
[EventDate "2019.08.02"]
[EventType "swiss"]
[EventCountry "SVK"]
[SourceTitle "playchess.com"]
[Source "ChessBase"]
[SourceQuality "1"]
[TimeControl "40/5400+30:1800+30"]

1. e4 c5 2. Nf3 Nc6 3. d4 cxd4 4. Nxd4 e5 5. Nb5 d6 6. N1c3 a6 7. Na3 Be7 8. Nc4 b5 9. Ne3 Nf6 10. Bd3 O-O 11. O-O Rb8 12. a3 Nd4 13. Ncd5 Ne6 14. c3 Nxd5 15. Nxd5 Bg5 16. g3 Bxc1 17. Rxc1 Nc5 18. Bc2 Bh3 19. Re1 f5 20. exf5 Bxf5 21. Bxf5 Rxf5 22. b4 Na4 23. c4 Qf8 24. Qc2 Kh8 25. c5 dxc5 26. bxc5 e4 27. Qxe4 Rxf2 28. c6 Rd2 29. Rf1 Qd6 30. c7 Rc8 31. Qf5 Nb6 32. Nxb6 Qxb6+ 33. Rc5 1-0

[Event "EYCC Open-U18 2019"]
[Site "Bratislava"]
[Date "2019.08.03"]
[Round "2.26"]
[White "Travadon, Loic"]
[Black "Toquero Gracia, Pau"]
[Result "1/2-1/2"]
[ECO "A41"]
[WhiteElo "2403"]
[BlackElo "2080"]
[Annotator "NA"]
[PlyCount "199"]
[EventDate "2019.08.02"]
[EventType "swiss"]
[EventCountry "SVK"]
[SourceTitle "playchess.com"]
[Source "ChessBase"]
[SourceQuality "1"]
[TimeControl "40/5400+30:1800+30"]

1. d4 d6 2. Nf3 Nf6 3. c4 Bg4 4. Nc3 Nbd7 5. g3 e5 6. Bg2 c6 7. h3 Bh5 8. O-O Be7 9. Nh4 Bg6 10. e3 Nb6 11. b3 exd4 12. exd4 d5 13. c5 Nbd7 14. Nxg6 hxg6 15. b4 Nf8 16. Be3 Ne6 17. b5 O-O 18. Rb1 Bxc5 19. bxc6 bxc6 20. dxc5 d4 21. Bxc6 Rc8 22. Bb7 dxe3 23. Bxc8 Qxc8 24. Nd5 exf2+ 25. Rxf2 Qxc5 26. Nxf6+ gxf6 27. Qc2 Qe5 28. Kh2 Ng5 29. Re2 Qd5 30. Rd1 Nf3+ 31. Kh1 Nd4+ 32. Qe4 Qxe4+ 33. Rxe4 Nf5 34. Kh2 Rc8 35. Rg1 Rc7 36. Rf4 Kg7 37. g4 Ne7 38. Rf2 Rc5 39. Re1 Nd5 40. Rb1 Ra5 41. Rb3 Nb6 42. Rc2 Ra4 43. Rd3 Ra5 44. a3 Ra4 45. Rc7 Ra5 46. Rb7 Ra6 47. Rc3 Nd5 48. Rc5 Nf4 49. Rcc7 Rxa3 50. Rxf7+ Kh6 51. Rh7+ Kg5 52. Rxa7 Rb3 53. Ra2 Rc3 54. Rb2 Ra3 55. Rb5+ f5 56. gxf5 Ra2+ 57. Kg1 Ra1+ 58. Kf2 Ra2+ 59. Ke3 Ra3+ 60. Ke4 Ra4+ 61. Ke5 gxf5 62. h4+ Kg6 63. Rbb7 Re4+ 64. Kd6 Nh5 65. Rh8 Rxh4 66. Rg8+ Kf6 67. Rbb8 Ng7 68. Kd5 Ne6 69. Rb1 Rd4+ 70. Kc6 Nd8+ 71. Kb5 Ne6 72. Rh8 Ke5 73. Rh6 Nf4 74. Re1+ Re4 75. Rc1 Nd3 76. Rc8 Kd4 77. Rd8+ Kc3 78. Rc6+ Kd2 79. Rcd6 Rb4+ 80. Ka5 Rb3 81. Rf6 Ra3+ 82. Kb6 Rb3+ 83. Kc6 Rc3+ 84. Kd5 f4 85. Ke4 Ke2 86. Kd4 Ra3 87. Re8+ Kd2 88. Ke4 Ke2 89. Kf5+ Kf3 90. Rd6 Nf2 91. Rd5 Rd3 92. Ra5 Nd1 93. Ra4 Ne3+ 94. Kg5 Kg3 95. Rae4 f3 96. Rxe3 Rxe3 97. Rxe3 Kg2 98. Kh4 f2 99. Rg3+ Kh2 100. Rf3 1/2-1/2

[Event "EYCC Open-U18 2019"]
[Site "Bratislava"]
[Date "2019.08.03"]
[Round "2.27"]
[White "Kozak, Antoni"]
[Black "Pirard, Natan"]
[Result "1/2-1/2"]
[ECO "D35"]
[WhiteElo "2365"]
[BlackElo "2153"]
[Annotator "NA"]
[PlyCount "93"]
[EventDate "2019.08.02"]
[EventType "swiss"]
[EventCountry "SVK"]
[SourceTitle "playchess.com"]
[Source "ChessBase"]
[SourceQuality "1"]
[TimeControl "40/5400+30:1800+30"]

1. d4 d5 2. c4 e6 3. Nc3 Nf6 4. cxd5 exd5 5. Bg5 c6 6. e3 Nbd7 7. Bd3 Be7 8. Qc2 h6 9. Bh4 Nh5 10. Bxe7 Qxe7 11. O-O-O Nb6 12. h3 Be6 13. Nf3 Nf6 14. Kb1 O-O-O 15. Ka1 Kb8 16. Rb1 Qb4 17. Nd2 Nc4 18. a3 Qd6 19. Na4 Nxd2 20. Qxd2 Ne4 21. Qc2 Rhe8 22. b4 Bc8 23. Nc5 f5 24. Rhc1 Re7 25. b5 Nxc5 26. Qxc5 cxb5 27. Rxb5 Rc7 28. Qxd6 Rxd6 29. Rbc5 Rdc6 30. Kb2 Rxc5 31. Rxc5 Rxc5 32. dxc5 b6 33. cxb6 axb6 34. Kc3 Kc7 35. Kd4 Kd6 36. h4 g5 37. hxg5 hxg5 38. Bb1 Bd7 39. Ba2 Bc6 40. Bb3 Bb7 41. Ba4 Ba6 42. Be8 Bb7 43. g3 g4 44. Bg6 Bc8 45. Be8 Bb7 46. Kc3 Ba6 47. Kd4 {[%emt 0:00:16] Ke5+} 1/2-1/2

[Event "EYCC Open-U18 2019"]
[Site "Bratislava"]
[Date "2019.08.03"]
[Round "2.28"]
[White "Ludvik, Tomas"]
[Black "Panko, Eduard"]
[Result "1-0"]
[ECO "A04"]
[WhiteElo "2334"]
[BlackElo "2024"]
[Annotator "NA"]
[PlyCount "77"]
[EventDate "2019.08.02"]
[EventType "swiss"]
[EventCountry "SVK"]
[SourceTitle "playchess.com"]
[Source "ChessBase"]
[SourceQuality "1"]
[TimeControl "40/5400+30:1800+30"]

1. Nf3 e6 2. d4 f5 3. c4 b6 4. g3 Bb7 5. Bg2 Nf6 6. O-O Be7 7. d5 exd5 8. Nd4 g6 9. Nc3 c5 10. Nc2 Na6 11. Ne3 Nc7 12. Nexd5 Ncxd5 13. Nxd5 Nxd5 14. Bxd5 Qc7 15. Bf4 d6 16. Qa4+ Kd8 17. Rad1 Kc8 18. b4 g5 19. bxc5 Bxd5 20. cxd6 Qc6 21. Qa6+ Qb7 22. Qxb7+ Bxb7 23. Be5 Rg8 24. dxe7 Ba6 25. Rd6 Bxc4 26. Rc6+ Kd7 27. Rxc4 Kxe7 28. Rfc1 Ke6 29. f4 gxf4 30. Bxf4 Rge8 31. Rc6+ Kf7 32. Rc7+ Re7 33. Rxe7+ Kxe7 34. Rc7+ Ke6 35. Rxh7 b5 36. Rh6+ Kd5 37. Ra6 Re8 38. Kf2 Re7 39. Be3 1-0

[Event "EYCC Open-U18 2019"]
[Site "Bratislava"]
[Date "2019.08.03"]
[Round "2.29"]
[White "Martinez Fernandez, Adrian"]
[Black "Storme, Isak"]
[Result "1-0"]
[ECO "B67"]
[WhiteElo "2311"]
[BlackElo "2330"]
[Annotator "NA"]
[PlyCount "67"]
[EventDate "2019.08.02"]
[EventType "swiss"]
[EventCountry "SVK"]
[SourceTitle "playchess.com"]
[Source "ChessBase"]
[SourceQuality "1"]
[TimeControl "40/5400+30:1800+30"]

1. e4 c5 2. Nf3 Nc6 3. d4 cxd4 4. Nxd4 Nf6 5. Nc3 d6 6. Bg5 e6 7. Qd2 a6 8. O-O-O Bd7 9. f4 b5 10. Bxf6 gxf6 11. Kb1 h5 12. Nxc6 Bxc6 13. Qe1 Qa5 14. f5 b4 15. Nd5 Bxd5 16. exd5 e5 17. a3 Rb8 18. Rd4 Be7 19. Rxb4 Rxb4 20. Qxb4 Qxd5 21. Bxa6 h4 22. Bc4 Qxg2 23. Qb8+ Bd8 24. Qb5+ Kf8 25. Bd5 Qf2 26. Qd7 Be7 27. Bc6 Qd4 28. a4 h3 29. Qe8+ Kg7 30. Qxe7 Rb8 31. Bb5 Rc8 32. Be8 Rxe8 33. Qxe8 Qe4 34. Rc1 1-0

[Event "EYCC Open-U18 2019"]
[Site "Bratislava"]
[Date "2019.08.03"]
[Round "2.30"]
[White "Horak, Jan"]
[Black "Kotau, Arseni"]
[Result "0-1"]
[ECO "A45"]
[WhiteElo "2020"]
[BlackElo "2227"]
[Annotator "NA"]
[PlyCount "82"]
[EventDate "2019.08.02"]
[EventType "swiss"]
[EventCountry "SVK"]
[SourceTitle "playchess.com"]
[Source "ChessBase"]
[SourceQuality "1"]
[TimeControl "40/5400+30:1800+30"]

1. d4 Nf6 2. g3 g6 3. Bg2 Bg7 4. e4 d6 5. Ne2 O-O 6. O-O e5 7. Nbc3 c6 8. a4 Qc7 9. h3 Nbd7 10. Be3 exd4 11. Nxd4 Re8 12. Qd2 Nc5 13. f3 b6 14. Rad1 Ba6 15. Rfe1 Rad8 16. b4 Ne6 17. f4 Nxd4 18. Bxd4 Bb7 19. Bf2 a6 20. a5 bxa5 21. bxa5 Qxa5 22. Ra1 Qc7 23. Rab1 Nd7 24. Ne2 c5 25. Rbd1 Nb6 26. Nc3 Nc4 27. Nd5 Bxd5 28. Qxd5 Nb6 29. Qg5 Na4 30. f5 Qe7 31. Qg4 Nc3 32. Rd3 c4 33. Rd4 Bxd4 34. Bxd4 Nb5 35. Be3 Qe5 36. Bg5 d5 37. Qh4 dxe4 38. fxg6 fxg6 39. Rxe4 Qc5+ 40. Kh2 Rxe4 41. Bxe4 Rd1 0-1

[Event "EYCC Open-U18 2019"]
[Site "Bratislava"]
[Date "2019.08.03"]
[Round "2.31"]
[White "Blohberger, Felix"]
[Black "Polczyk, Mikolaj"]
[Result "1-0"]
[ECO "A06"]
[WhiteElo "2476"]
[BlackElo "2111"]
[Annotator "ChessBase"]
[PlyCount "81"]
[EventDate "2019.08.02"]
[EventType "swiss"]
[EventCountry "SVK"]
[SourceTitle "playchess.com"]
[Source "ChessBase"]
[SourceQuality "1"]
[TimeControl "40/5400+30:1800+30"]

1. Nf3 d5 2. g3 Nf6 3. Bg2 c5 4. c4 Nc6 5. cxd5 Nxd5 6. Nc3 Nc7 7. O-O e5 8. a3 Be7 9. b4 Be6 10. Rb1 cxb4 11. axb4 a6 12. b5 axb5 13. Nxb5 O-O 14. d3 Ra5 15. Nxc7 Qxc7 16. Bd2 Ra2 17. Rb5 Na7 18. Rxe5 Bf6 19. Rxe6 Ra1 20. Qxa1 Bxa1 21. Rxa1 fxe6 22. Rxa7 Qc2 23. Rxb7 Qd1+ 24. Be1 Qxe2 25. Bb4 Rc8 26. h4 h6 27. Bd2 Rf8 28. Bf4 Qxd3 29. Ne5 Qd1+ 30. Kh2 Qc2 31. Be3 Qf5 32. Nc6 Qc2 33. Nd4 Qg6 34. Re7 Re8 35. Be4 Qh5 36. Bf3 Qg6 37. h5 Qxh5+ 38. Bxh5 Rxe7 39. Bg4 e5 40. Nc6 Re8 41. Bd7 1-0

[Event "EYCC Open-U18 2019"]
[Site "Bratislava"]
[Date "2019.08.03"]
[Round "2.32"]
[White "Petriashvili, Nikoloz"]
[Black "Sousa, Hugo Carneiro"]
[Result "1-0"]
[ECO "A05"]
[WhiteElo "2451"]
[BlackElo "2130"]
[Annotator "ChessBase"]
[PlyCount "49"]
[EventDate "2019.08.02"]
[EventType "swiss"]
[EventCountry "SVK"]
[SourceTitle "playchess.com"]
[Source "ChessBase"]
[SourceQuality "1"]
[TimeControl "40/5400+30:1800+30"]

1. Nf3 Nf6 2. g3 d5 3. Bg2 e6 4. O-O Be7 5. c4 O-O 6. b3 c5 7. e3 Nc6 8. Bb2 b6 9. Nc3 Bb7 10. cxd5 Nxd5 11. Nxd5 Qxd5 12. d4 Rfd8 13. Ne5 Qd6 14. Qf3 Nxe5 15. Qxb7 Nd7 16. Qxa8 Rxa8 17. Bxa8 cxd4 18. Bxd4 e5 19. Bb2 Qh6 20. Rac1 Bc5 21. Rfd1 Qe6 22. Bb7 Qe7 23. b4 Bxb4 24. Rc7 Bd6 25. Ba3 1-0

[Event "EYCC Open-U18 2019"]
[Site "Bratislava"]
[Date "2019.08.03"]
[Round "2.33"]
[White "Nordquelle, Daniel"]
[Black "Miesbauer, Jan"]
[Result "1/2-1/2"]
[ECO "B31"]
[WhiteElo "2181"]
[BlackElo "2409"]
[Annotator "NA"]
[PlyCount "117"]
[EventDate "2019.08.02"]
[EventType "swiss"]
[EventCountry "SVK"]
[SourceTitle "playchess.com"]
[Source "ChessBase"]
[SourceQuality "1"]
[TimeControl "40/5400+30:1800+30"]

1. e4 c5 2. Nf3 Nc6 3. Bb5 g6 4. Bxc6 dxc6 5. d3 Bg7 6. h3 Nf6 7. O-O Nd7 8. Nc3 e5 9. Be3 b6 10. Qd2 h6 11. a3 Qe7 12. Rfb1 f5 13. exf5 gxf5 14. Re1 Qd6 15. Nh4 Qf6 16. g3 O-O 17. f4 Re8 18. Nf3 Ba6 19. Kh2 Rad8 20. Qf2 Re7 21. fxe5 Nxe5 22. Nh4 Rf8 23. Rf1 Bc8 24. Rae1 Ng6 25. Nxg6 Qxg6 26. Bf4 Rfe8 27. Rxe7 Rxe7 28. Re1 Qe8 29. Rxe7 Qxe7 30. Qf3 Qd7 31. Nd1 Kh7 32. b3 b5 33. Ne3 Qe6 34. Bb8 Bd4 35. Ng2 a6 36. h4 Bd7 37. Bc7 c4 38. Nf4 Qf7 39. dxc4 bxc4 40. b4 Qe8 41. Qd1 Bf6 42. Qd2 Bc8 43. Qd6 Be7 44. Qd4 Qf7 45. Be5 Kg8 46. Kh3 Kh7 47. Qa7 Kg8 48. Qc7 Qe8 49. Bc3 Bf8 50. Be5 Qd7 51. Qxd7 Bxd7 52. Bd4 Kf7 53. Kg2 Be6 54. Kf2 Bd5 55. Ke3 Bd6 56. c3 Be4 57. Bc5 Be5 58. Bd4 Bd6 59. Bc5 1/2-1/2

[Event "EYCC Open-U18 2019"]
[Site "Bratislava"]
[Date "2019.08.03"]
[Round "2.34"]
[White "Easwaralingam, Adesh"]
[Black "Parkhov, Yair"]
[Result "1/2-1/2"]
[ECO "B92"]
[WhiteElo "2113"]
[BlackElo "2354"]
[Annotator "NA"]
[PlyCount "50"]
[EventDate "2019.08.02"]
[EventType "swiss"]
[EventCountry "SVK"]
[SourceTitle "playchess.com"]
[Source "ChessBase"]
[SourceQuality "1"]
[TimeControl "40/5400+30:1800+30"]

1. e4 c5 2. Nf3 d6 3. d4 cxd4 4. Nxd4 Nf6 5. Nc3 a6 6. Be2 e5 7. Nb3 Be7 8. Bg5 Be6 9. Bxf6 Bxf6 10. Qd3 Be7 11. Nd5 Nd7 12. O-O-O Bxd5 13. Qxd5 Qc7 14. Qd3 O-O 15. h4 b5 16. Bg4 Nb6 17. Nd2 Rfd8 18. Qe2 Nc4 19. Rh3 Rab8 20. Nf1 Qb6 21. Rdd3 g6 22. Ne3 Nxe3 23. Rdxe3 Bf8 24. Rd3 Rb7 25. h5 Rc7 1/2-1/2

[Event "EYCC Open-U18 2019"]
[Site "Bratislava"]
[Date "2019.08.03"]
[Round "2.35"]
[White "Tisaj, Domen"]
[Black "Bulockin, Martin"]
[Result "1/2-1/2"]
[ECO "E46"]
[WhiteElo "2232"]
[BlackElo "2210"]
[Annotator "NA"]
[PlyCount "94"]
[EventDate "2019.08.02"]
[EventType "swiss"]
[EventCountry "SVK"]
[SourceTitle "playchess.com"]
[Source "ChessBase"]
[SourceQuality "1"]
[TimeControl "40/5400+30:1800+30"]

1. d4 Nf6 2. c4 e6 3. Nc3 Bb4 4. e3 O-O 5. Nge2 d5 6. a3 Bd6 7. Ng3 c6 8. Qc2 Nbd7 9. b4 dxc4 10. Bxc4 e5 11. Nce2 Nb6 12. Bd3 a5 13. Rb1 axb4 14. axb4 Nbd5 15. Bd2 exd4 16. Nxd4 Qb6 17. b5 c5 18. Ndf5 Be6 19. Nxd6 Qxd6 20. O-O c4 21. Bf5 Rfc8 22. e4 c3 23. Bxe6 Qxe6 24. Bg5 Nb6 25. Rb3 h6 26. Bf4 Ra4 27. f3 Rac4 28. Rd1 Ne8 29. Nf5 Na4 30. Ne3 R4c5 31. Rd4 Nb6 32. Rd3 Nc4 33. Rbxc3 g5 34. Bg3 Nxe3 35. Rxe3 Rxc3 36. Rxc3 Qb6+ 37. Bf2 Rxc3 38. Qxc3 Qxb5 39. h4 gxh4 40. Bxh4 Qd7 41. Qe5 Qe6 42. Qd4 Qd6 43. Qe3 b5 44. Be1 Ng7 45. Bc3 Kh7 46. e5 Qd5 47. Bd2 Nf5 1/2-1/2

[Event "EYCC Open-U18 2019"]
[Site "Bratislava"]
[Date "2019.08.03"]
[Round "2.36"]
[White "Triantos, Konstantinos"]
[Black "Jakab, Bela"]
[Result "1/2-1/2"]
[ECO "B09"]
[WhiteElo "2129"]
[BlackElo "2278"]
[Annotator "NA"]
[PlyCount "83"]
[EventDate "2019.08.02"]
[EventType "swiss"]
[EventCountry "SVK"]
[SourceTitle "playchess.com"]
[Source "ChessBase"]
[SourceQuality "1"]
[TimeControl "40/5400+30:1800+30"]

1. e4 g6 2. d4 Bg7 3. Nc3 d6 4. f4 Nf6 5. Nf3 O-O 6. Bd3 c5 7. dxc5 dxc5 8. e5 Nd5 9. Nxd5 Qxd5 10. Qe2 Nc6 11. c3 Bf5 12. Bxf5 gxf5 13. O-O Rad8 14. Be3 b6 15. Rfd1 Qe6 16. Ng5 Rxd1+ 17. Qxd1 Qc4 18. Qc2 h6 19. b3 Qa6 20. Nf3 Qc8 21. Rd1 f6 22. Qd3 fxe5 23. fxe5 Rd8 24. Qc4+ e6 25. Rxd8+ Nxd8 26. b4 Bf8 27. h3 Qc6 28. bxc5 bxc5 29. Nh4 Nf7 30. Ng6 a6 31. Qh4 Qe8 32. Qf6 Bg7 33. Ne7+ Kf8 34. Ng6+ Kg8 35. Ne7+ Kf8 36. Ng6+ Kg8 37. Qh4 Nxe5 38. Nxe5 Bxe5 39. Bxc5 Bxc3 40. Qc4 Be5 41. Qxa6 Qd7 42. Be3 1/2-1/2

[Event "EYCC Open-U18 2019"]
[Site "Bratislava"]
[Date "2019.08.03"]
[Round "2.37"]
[White "Pektas, Yigit"]
[Black "Heimisson, Hilmir Freyr"]
[Result "1-0"]
[ECO "A40"]
[WhiteElo "2111"]
[BlackElo "2279"]
[Annotator "NA"]
[PlyCount "93"]
[EventDate "2019.08.02"]
[EventType "swiss"]
[EventCountry "SVK"]
[SourceTitle "playchess.com"]
[Source "ChessBase"]
[SourceQuality "1"]
[TimeControl "40/5400+30:1800+30"]

1. d4 e6 2. c4 b6 3. e4 Bb4+ 4. Nd2 Bb7 5. Bd3 f5 6. d5 fxe4 7. Qh5+ Kf8 8. Bxe4 Nf6 9. Qf3 exd5 10. Bc2 Nc6 11. Ne2 Ne5 12. Qf4 Bd6 13. O-O Nxc4 14. Qg5 Qe8 15. Ng3 Qf7 16. Nf3 Re8 17. b3 Ne5 18. Nh4 c5 19. Bf4 Ne4 20. Bxe4 dxe4 21. Nhf5 Bc7 22. Nh5 Rg8 23. f3 exf3 24. Rae1 fxg2 25. Bxe5 Rxe5 26. Qg4 gxf1=Q+ 27. Rxf1 Qg6 28. Nh4+ Ke8 29. Nxg6 hxg6 30. Qxg6+ Kd8 31. Nf6 gxf6 32. Qxg8+ Re8 33. Qg7 Be5 34. Rd1 Bc6 35. h4 Re7 36. Qg8+ Re8 37. Qg6 Rh8 38. h5 Kc7 39. h6 f5 40. Qxf5 Rg8+ 41. Kf2 Bg3+ 42. Ke2 Re8+ 43. Kf1 Re3 44. h7 Rf3+ 45. Qxf3 Bxf3 46. Re1 Bxe1 47. Kxe1 1-0

[Event "EYCC Open-U18 2019"]
[Site "Bratislava"]
[Date "2019.08.03"]
[Round "2.38"]
[White "Castillo Dalmau, Albert"]
[Black "Alivodic, Dario"]
[Result "1-0"]
[ECO "A06"]
[WhiteElo "2252"]
[BlackElo "2120"]
[Annotator "NA"]
[PlyCount "53"]
[EventDate "2019.08.02"]
[EventType "swiss"]
[EventCountry "SVK"]
[SourceTitle "playchess.com"]
[Source "ChessBase"]
[SourceQuality "1"]
[TimeControl "40/5400+30:1800+30"]

1. Nf3 d5 2. g3 c6 3. Bg2 Nf6 4. c4 dxc4 5. O-O Nbd7 6. a4 a5 7. b3 cxb3 8. Qxb3 g6 9. Ng5 Ne5 10. Bb2 h6 11. d4 hxg5 12. dxe5 Nh5 13. Nc3 Ng7 14. Ne4 Ne6 15. Rfd1 Bd7 16. Rd2 Qb8 17. Rad1 Bc8 18. Qb6 f5 19. exf6 Rh6 20. Rd8+ Kf7 21. fxe7 Bxe7 22. Nd6+ Bxd6 23. R8xd6 Qa7 24. Qb3 Qc5 25. Rd7+ Bxd7 26. Rxd7+ Kf8 27. Qxe6 1-0

[Event "EYCC Open-U18 2019"]
[Site "Bratislava"]
[Date "2019.08.03"]
[Round "2.39"]
[White "Joensson, Jacob"]
[Black "Kizatbay, Abyl"]
[Result "1/2-1/2"]
[ECO "A56"]
[WhiteElo "1981"]
[BlackElo "2216"]
[Annotator "NA"]
[PlyCount "73"]
[EventDate "2019.08.02"]
[EventType "swiss"]
[EventCountry "SVK"]
[SourceTitle "playchess.com"]
[Source "ChessBase"]
[SourceQuality "1"]
[TimeControl "40/5400+30:1800+30"]

1. d4 Nf6 2. c4 c5 3. Nf3 cxd4 4. Nxd4 e5 5. Nb5 d5 6. cxd5 Bc5 7. N5c3 O-O 8. g3 Qb6 9. e3 Bg4 10. Be2 Bh3 11. g4 h5 12. gxh5 Rd8 13. Rg1 Na6 14. a3 Rac8 15. Bxa6 bxa6 16. Qf3 Bd7 17. b4 Bf8 18. e4 a5 19. Be3 Qa6 20. b5 Qd6 21. Kf1 Kh8 22. Bxa7 Qc7 23. b6 Qc4+ 24. Qe2 Qb3 25. Rg3 Bc5 26. Nd2 Qc2 27. Kg2 Bd4 28. Ra2 Qc1 29. Nb3 Qf4 30. b7 Rxc3 31. Rxc3 Bxc3 32. b8=Q Rxb8 33. Bxb8 Bb5 34. Qxb5 Qg4+ 35. Kf1 Qd1+ 36. Kg2 Qg4+ 37. Kf1 1/2-1/2

[Event "EYCC Open-U18 2019"]
[Site "Bratislava"]
[Date "2019.08.03"]
[Round "2.40"]
[White "Godzwon, Iwo"]
[Black "Varga, Lukas"]
[Result "1-0"]
[ECO "B97"]
[WhiteElo "2285"]
[BlackElo "2046"]
[Annotator "NA"]
[PlyCount "65"]
[EventDate "2019.08.02"]
[EventType "swiss"]
[EventCountry "SVK"]
[SourceTitle "playchess.com"]
[Source "ChessBase"]
[SourceQuality "1"]
[TimeControl "40/5400+30:1800+30"]

1. e4 c5 2. Nf3 d6 3. d4 cxd4 4. Nxd4 Nf6 5. Nc3 a6 6. Bg5 e6 7. f4 Qb6 8. Qd3 Qxb2 9. Rb1 Qa3 10. f5 Be7 11. fxe6 fxe6 12. Be2 Nc6 13. Nxc6 bxc6 14. O-O O-O 15. Nd5 Qxd3 16. Nxe7+ Kf7 17. Bxd3 Kxe7 18. e5 dxe5 19. Bxh7 Kd6 20. Rfd1+ Kc7 21. Bd3 Bb7 22. Re1 Nd7 23. Bd2 Rae8 24. Ba5+ Kc8 25. Bc3 Rf5 26. Rb2 Nc5 27. Bxf5 exf5 28. Rxe5 Rxe5 29. Bxe5 g5 30. Rb1 Ne4 31. Rf1 Kd7 32. Rxf5 Ke6 33. g4 1-0

[Event "EYCC Open-U18 2019"]
[Site "Bratislava"]
[Date "2019.08.04"]
[Round "3.1"]
[White "Hakobyan, Aram"]
[Black "Fus, Jakub"]
[Result "1-0"]
[ECO "E16"]
[WhiteElo "2568"]
[BlackElo "2341"]
[Annotator "ChessBase"]
[PlyCount "109"]
[EventDate "2019.08.02"]
[EventType "swiss"]
[EventCountry "SVK"]
[SourceTitle "playchess.com"]
[Source "ChessBase"]
[SourceQuality "1"]
[TimeControl "40/5400+30:1800+30"]

1. Nf3 Nf6 2. c4 e6 3. d4 b6 4. g3 Bb7 5. Bg2 Bb4+ 6. Bd2 a5 7. O-O O-O 8. Bf4 Be7 9. Qc2 Na6 10. Nc3 d5 11. Ne5 Qc8 12. Qa4 c5 13. cxd5 exd5 14. Bg5 Rd8 15. Rac1 Qe6 16. e3 h6 17. Bxf6 Bxf6 18. f4 Nc7 19. Qd1 Qe7 20. Qh5 Ne6 21. Rcd1 Rac8 22. Bh3 Qe8 23. Rf2 Rc7 24. Ng4 Qe7 25. Nb5 Rcc8 26. Qf5 Ba6 27. Nc3 Bb7 28. Re2 c4 29. Bg2 Nc7 30. e4 Qe6 31. Qh5 g6 32. exd5 gxh5 33. dxe6 hxg4 34. Bxb7 Rb8 35. e7 Rd7 36. Nd5 Nxd5 37. e8=Q+ Rxe8 38. Rxe8+ Kg7 39. Bc6 Rd6 40. Bxd5 Rxd5 41. Kf1 Rxd4 42. Rxd4 Bxd4 43. Re4 Bxb2 44. Rxc4 Ba3 45. Rc6 Bc5 46. Ke2 Bg1 47. Rc1 Bd4 48. Kd3 Bf2 49. Ke4 Kg6 50. Rc6+ f6 51. f5+ Kg5 52. Rc8 Bg1 53. Rg8+ Kh5 54. Kf4 Bxh2 55. Rxg4 1-0

[Event "EYCC Open-U18 2019"]
[Site "Bratislava"]
[Date "2019.08.04"]
[Round "3.2"]
[White "Chylewski, Patryk"]
[Black "Bjerre, Jonas Buhl"]
[Result "1/2-1/2"]
[ECO "E04"]
[WhiteElo "2376"]
[BlackElo "2503"]
[Annotator "ChessBase"]
[PlyCount "52"]
[EventDate "2019.08.02"]
[EventType "swiss"]
[EventCountry "SVK"]
[SourceTitle "playchess.com"]
[Source "ChessBase"]
[SourceQuality "1"]
[TimeControl "40/5400+30:1800+30"]

1. d4 Nf6 2. c4 e6 3. g3 d5 4. Nf3 dxc4 5. Bg2 c6 6. Ne5 Bb4+ 7. Bd2 Be7 8. e3 b5 9. Nxc6 Nxc6 10. Bxc6+ Bd7 11. Bxa8 Qxa8 12. O-O e5 13. f3 e4 14. Ba5 exf3 15. Qxf3 Bc6 16. Qf5 O-O 17. Nd2 b4 18. Rae1 Rb8 19. Qc2 Rb5 20. Bc7 c3 21. bxc3 bxc3 22. Qxc3 Nd5 23. Qc2 Qb7 24. Rc1 Nb4 25. Qc4 Bd5 26. Qe2 Nxa2 1/2-1/2

[Event "EYCC Open-U18 2019"]
[Site "Bratislava"]
[Date "2019.08.04"]
[Round "3.3"]
[White "Pantzar, Milton"]
[Black "Vrolijk, Liam"]
[Result "1/2-1/2"]
[ECO "E48"]
[WhiteElo "2357"]
[BlackElo "2478"]
[Annotator "ChessBase"]
[PlyCount "72"]
[EventDate "2019.08.02"]
[EventType "swiss"]
[EventCountry "SVK"]
[SourceTitle "playchess.com"]
[Source "ChessBase"]
[SourceQuality "1"]
[TimeControl "40/5400+30:1800+30"]

1. d4 Nf6 2. c4 e6 3. Nc3 Bb4 4. e3 O-O 5. Bd3 d5 6. cxd5 exd5 7. Nge2 Re8 8. O-O Bd6 9. Nf4 Bxf4 10. exf4 Nc6 11. Ne2 Ne4 12. f3 Nd6 13. g4 h5 14. h3 Qf6 15. Rf2 g6 16. f5 gxf5 17. gxh5 Kh8 18. Rg2 Nxd4 19. Nxd4 Qxd4+ 20. Kh1 Bd7 21. b3 f6 22. Bb2 Qh4 23. Qc1 Nf7 24. Qxc7 Rg8 25. Bf1 Qxh3+ 26. Rh2 Qg3 27. Bxf6+ Kh7 28. Qxg3 Rxg3 29. Rg2 Rxg2 30. Kxg2 Kh6 31. Bd3 Re8 32. Kf2 Ne5 33. Rd1 Nxd3+ 34. Rxd3 Bc6 35. Bd4 a6 36. Re3 Rxe3 1/2-1/2

[Event "EYCC Open-U18 2019"]
[Site "Bratislava"]
[Date "2019.08.04"]
[Round "3.4"]
[White "Salemgareev, Tagir"]
[Black "Levitskiy, Andrey"]
[Result "1/2-1/2"]
[ECO "E16"]
[WhiteElo "2412"]
[BlackElo "2280"]
[Annotator "NA"]
[PlyCount "95"]
[EventDate "2019.08.02"]
[EventType "swiss"]
[EventCountry "SVK"]
[SourceTitle "playchess.com"]
[Source "ChessBase"]
[SourceQuality "1"]
[TimeControl "40/5400+30:1800+30"]

1. d4 Nf6 2. c4 e6 3. Nf3 Bb4+ 4. Bd2 Qe7 5. g3 Bxd2+ 6. Qxd2 Nc6 7. Nc3 d5 8. Bg2 dxc4 9. Qg5 O-O 10. Qb5 Rd8 11. Qxc4 e5 12. dxe5 Nxe5 13. Nxe5 Qxe5 14. O-O c6 15. Qb3 Qe7 16. Rad1 Be6 17. Qa4 Qc5 18. h3 h6 19. Kh2 Qb6 20. Rxd8+ Rxd8 21. Qc2 Qc5 22. e4 b5 23. a3 a5 24. Qc1 b4 25. axb4 axb4 26. Nb1 Qd4 27. Qc2 Bc4 28. Rc1 Bd3 29. Qxc6 Bxe4 30. Bxe4 Nxe4 31. Rf1 Nxf2 32. Qf3 Ne4 33. Qxf7+ Kh8 34. Qb3 Re8 35. Qc2 Nf6 36. Rd1 Qe3 37. Rg1 Ne4 38. Rg2 Ng5 39. Nd2 Rd8 40. h4 Rxd2 41. Qc8+ Kh7 42. hxg5 Qxg5 43. Rxd2 Qxd2+ 44. Kh3 Qxb2 45. Qf5+ g6 46. Qe4 b3 47. Qb7+ Kg8 48. Qc8+ 1/2-1/2

[Event "EYCC Open-U18 2019"]
[Site "Bratislava"]
[Date "2019.08.04"]
[Round "3.5"]
[White "Murzin, Volodar"]
[Black "Golikov, Daniil"]
[Result "1-0"]
[ECO "A05"]
[WhiteElo "2429"]
[BlackElo "2257"]
[Annotator "NA"]
[PlyCount "59"]
[EventDate "2019.08.02"]
[EventType "swiss"]
[EventCountry "SVK"]
[SourceTitle "playchess.com"]
[Source "ChessBase"]
[SourceQuality "1"]
[TimeControl "40/5400+30:1800+30"]

1. Nf3 Nf6 2. c4 c5 3. g3 Nc6 4. Bg2 g6 5. O-O Bg7 6. d4 cxd4 7. Nxd4 O-O 8. Nc3 Qb6 9. Nc2 d6 10. b3 Be6 11. e4 Qa5 12. Nd5 Rab8 13. Bd2 Qd8 14. Rc1 Ne5 15. Bc3 Nxd5 16. exd5 Bf5 17. Nd4 Qd7 18. f4 Ng4 19. Re1 Nh6 20. Qd2 Rfe8 21. Nf3 Bxc3 22. Rxc3 Bh3 23. f5 Bxg2 24. Qxh6 Bxf3 25. Rxf3 gxf5 26. Ref1 e6 27. g4 fxg4 28. Qg5+ Kf8 29. Rf4 exd5 30. Qh5 1-0